[Event "Late-Titled-Tuesday-Blitz-January-23-2024"]
[Site "Chess.com"]
[Date "2024.01.23"]
[Round "3"]
[White "MokshanovAlexey"]
[Black "K_A_S_T_O_R"]
[Result "0-1"]
[WhiteElo "2640"]
[BlackElo "2894"]
[TimeControl "180+1"]
[EndTime "14:28:03 PST"]
[Termination "K_A_S_T_O_R won by resignation"]

1. e4 c5 2. Nf3 d6 3. Bb5+ Nc6 4. Bxc6+ bxc6 5. O-O e5 6. c3 Nf6 7. d4 Nxe4 8. Re1 f5 9. dxe5 d5 10. c4 Be6 11. Nc3 Be7 12. Nxe4 fxe4 13. Ng5 Qd7 14. cxd5 cxd5 15. Nxe6 Qxe6 16. f3 O-O 17. fxe4 d4 18. Qh5 c4 19. Bd2 Rab8 20. Rab1 Rb5 21. Rf1 Rxe5 22.
Rxf8+ Bxf8 23. Qf3 Rxe4 24. Rf1 Bc5 25. Kh1 h6 26. h3 Kh7 27. Qg3 Qg6 28. Qf3 d3 29. Bc3 Re2 30. g4 Re3 31. Qf5 Qxf5 32. Rxf5 Bd4 33. Bxd4 d2 34. Bxe3 d1=Q+ 35. Kg2 Qe2+ 36. Bf2 Qxb2 37. Kg3 c3 38. Bd4 Qd2 0-1

[Event "Late-Titled-Tuesday-Blitz-January-23-2024"]
[Site "Chess.com"]
[Date "2024.01.23"]
[Round "3"]
[White "nindjaxx8"]
[Black "platy3"]
[Result "1-0"]
[WhiteElo "2619"]
[BlackElo "2861"]
[TimeControl "180+1"]
[EndTime "14:28:03 PST"]
[Termination "nindjaxx8 won on time"]

1. d4 Nf6 2. c4 e6 3. Nc3 Bb4 4. Qc2 d6 5. Nf3 O-O 6. Bg5 h6 7. Bh4 c5 8. dxc5 Bxc5 9. e3 Nc6 10.
a3 a6 11. Be2 e5 12. Nd5 Qa5+ 13. Nd2 Nxd5 14. cxd5 g5 15. dxc6 gxh4 16. O-O Qd8 17. cxb7 Bxb7 18. Bf3 Bxf3 19. Nxf3 h3 20. gxh3 Qf6 21.
Qe4 Kh8 22. Kh1 Qe6 23. Rg1 Qxh3 24. Rg3 Qe6 25. Qh4 Rg8 26. Ng5 Qf6 27. Nxf7+ Qxf7 28. Qxh6+ Qh7 29. Qf6+ Rg7 30. Rag1 Rg8 31. Rg6 e4 32. Rh6 1-0

[Event "Late-Titled-Tuesday-Blitz-January-23-2024"]
[Site "Chess.com"]
[Date "2024.01.23"]
[Round "3"]
[White "Piotrek1979"]
[Black "Mazetovic"]
[Result "0-1"]
[WhiteElo "2395"]
[BlackElo "2595"]
[TimeControl "180+1"]
[EndTime "14:28:04 PST"]
[Termination "Mazetovic won on time"]

1. d4 Nf6 2. c4 g6 3. Nc3 Bg7 4. e4 d6 5. h3 Nc6 6. Nf3 O-O 7. d5 Nb4 8. a3 Na6 9. Bd3 e6 10. O-O exd5 11. cxd5 Nc5 12. Bc2 a5 13. Re1 Re8 14.
Bg5 h6 15. Bh4 g5 16. Bg3 Nh5 17. Bh2 Nf4 18. Nd4 Nfd3 19. Bxd3 Bxd4 20. Bb5 Bxc3 21. bxc3 Rxe4 22. Rxe4 Nxe4 23. Qd4 Nf6 24. Re1 Bf5 25. g4 Bg6 26. f4 gxf4 27. Bxf4 Nxd5 28. Bxh6 Qf6 29. Qxd5 Qxc3 30. Rc1 Qxh3 31. Qd2 Be4 32. Qh2 Qxg4+ 33. Kf2 Qf5+ 34. Qf4 Qxf4+ 35. Bxf4 c6 0-1

[Event "Late-Titled-Tuesday-Blitz-January-23-2024"]
[Site "Chess.com"]
[Date "2024.01.23"]
[Round "3"]
[White "Ducke13"]
[Black "Slovak_fighter2000"]
[Result "0-1"]
[WhiteElo "2295"]
[BlackElo "2525"]
[TimeControl "180+1"]
[EndTime "14:28:04 PST"]
[Termination "Slovak_fighter2000 won by checkmate"]

1. d4 Nf6 2. g3 d5 3. Nf3 Bf5 4. c4 c6 5. Nc3 e6 6. Nh4 Bg6 7. Qb3 Qb6 8. Nxg6 hxg6 9. c5 Qc7 10. Bf4 Qc8 11. Bg2 Nbd7 12. O-O Be7 13. Qc2 O-O 14. b4 Re8 15. Rfc1 Bf8 16. a4 e5 17.
dxe5 Nxe5 18. e4 dxe4 19. Nxe4 Nxe4 20. Bxe4 Qh3 21. Bg2 Qh5 22. h3 Rad8 23. Rd1 Nf3+ 24. Kh1 Ng5 25. h4 Ne6 26. Be3 g5 27. Qf5 Rxd1+ 28. Rxd1 Qxd1+ 29. Kh2 gxh4 30. gxh4 g6 31. Qh3 Bg7 32. Bf3 Qd8 33. Kg2 Qf6 34. a5 Nf4+ 35. Bxf4 Qxf4 36. a6 bxa6 37. Bxc6 Re2 38. Bf3 Bd4 39.
Qc8+ Kg7 40. Bxe2 Qxf2+ 41. Kh3 Qe3+ 42. Kg2 Qxe2+ 43. Kg3 Be5+ 44. Kh3 Qh2+ 45. Kg4 Qg3# 0-1

[Event "Late-Titled-Tuesday-Blitz-January-23-2024"]
[Site "Chess.com"]
[Date "2024.01.23"]
[Round "3"]
[White "Jem"]
[Black "Mikhal867"]
[Result "0-1"]
[WhiteElo "2146"]
[BlackElo "2427"]
[TimeControl "180+1"]
[EndTime "14:28:07 PST"]
[Termination "Mikhal867 won on time"]

1. e4 g6 2. d4 Bg7 3. Nc3 d6 4. f4 Nf6 5. Nf3 O-O 6. e5 Nfd7 7. h4 c5 8. h5 cxd4 9. hxg6 dxc3 10. gxf7+ Rxf7 11. Bc4 e6 12. Ng5 d5 13. Qh5 Qe7 14. Bd3 h6 15. Nxf7 Qxf7 16. Bg6 Qe7 17. bxc3 Nf8 18.
Bd3 Bd7 19. Rh4 Be8 20. Qg4 Nbd7 21. a4 Bg6 22. Ba3 Qf7 23. g3 Rc8 24. Kd2 Nc5 25.
Rah1 Bxd3 26. cxd3 Qg6 27. Qxg6 Nxg6 28. Rg4 Kf7 29.
Bxc5 Rxc5 30. Rb1 b6 31. d4 Ra5 32. Rb4 Bf8 0-1

[Event "Late-Titled-Tuesday-Blitz-January-23-2024"]
[Site "Chess.com"]
[Date "2024.01.23"]
[Round "3"]
[White "DonJuan_34"]
[Black "PawnEatingZombie"]
[Result "0-1"]
[WhiteElo "2383"]
[BlackElo "2115"]
[TimeControl "180+1"]
[EndTime "14:28:07 PST"]
[Termination "PawnEatingZombie won on time"]

1. d4 Nf6 2. Nf3 g6 3. c4 Bg7 4. Nc3 O-O 5. e4 d6 6. Be2 e5 7.
O-O exd4 8. Nxd4 Re8 9. f3 c6 10. Bg5 Qb6 11. Na4 Qa5 12. Bd2 Qd8 13. Bc3 d5 14. exd5 cxd5 15. c5 Nc6 16. Nxc6 bxc6 17. b4 Rb8 18. Qd2 d4 19. Bb2 Nd5 20. a3 Nc3 21.
Bxc3 dxc3 22. Qxd8 Rxd8 23. Rac1 Rd2 24. Bd1 Ra2 25.
Nxc3 Rxa3 26. Ne4 Rxb4 27. Nd6 Be6 28. Be2 Rb2 29. Bc4 Bd4+ 30. Kh1 Bxc5 31. Nb7 Be3 0-1

[Event "Late-Titled-Tuesday-Blitz-January-23-2024"]
[Site "Chess.com"]
[Date "2024.01.23"]
[Round "3"]
[White "M1711"]
[Black "DeArron_Fox"]
[Result "1-0"]
[WhiteElo "2641"]
[BlackElo "2442"]
[TimeControl "180+1"]
[EndTime "14:28:08 PST"]
[Termination "M1711 won by resignation"]

1. b3 e5 2. Bb2 Nc6 3. e3 Nf6 4. Bb5 Bd6 5. Na3 Qe7 6. Nc4 a6 7.
Bxc6 dxc6 8. Ne2 O-O 9. O-O Nd5 10. e4 Nf6 11. d3 Bg4 12. f3 Bh5 13. Qe1 Nd7 14. Kh1 f6 15. d4 Bf7 16. Nxd6 cxd6 17.
c4 d5 18. exd5 cxd5 19. cxd5 Bxd5 20. dxe5 Nxe5 21. Nf4 Bf7 22. Bxe5 fxe5 23. Nd3 Rfe8 24. Rc1 Rad8 25. Qe3 h6 26. Rfe1 e4 27. fxe4 Bg6 28. Nf2 Qe5 29. h3 Kh8 30. Rc5 Qd4 31. Qxd4 Rxd4 32. Re2 Bxe4 33. Kh2 Kh7 34. Rc7 Bc6 35. Rxe8 Bxe8 36. Rxb7 Rd2 37. Ne4 Rxa2 38. Nf6+ 1-0

[Event "Late-Titled-Tuesday-Blitz-January-23-2024"]
[Site "Chess.com"]
[Date "2024.01.23"]
[Round "3"]
[White "PoXerStar"]
[Black "CM_rui"]
[Result "1-0"]
[WhiteElo "2446"]
[BlackElo "2591"]
[TimeControl "180+1"]
[EndTime "14:28:09 PST"]
[Termination "PoXerStar won on time"]

1. c4 Nf6 2. g3 e6 3. Bg2 c5 4.
Nf3 d5 5. cxd5 exd5 6. O-O Nc6 7. d4 Be7 8. Nc3 O-O 9. dxc5 Bxc5 10. a3 Re8 11. b4 Bf8 12. Bb2 Bg4 13. e3 Rc8 14.
Ne2 Ne4 15. Rc1 a5 16. b5 Na7 17. a4 Rc4 18. Nf4 Rxc1 19. Qxc1 Nc8 20. Rd1 Nb6 21. h3 Be6 22. Nd4 Nc5 23. e4 Ncxa4 24. Ndxe6 fxe6 25. exd5 exd5 26. Bxd5+ Nxd5 27. Rxd5 Qe7 28. Re5 Qf7 29.
Rxe8 Nxb2 30. Qc8 Nd1 31. Qd8 1-0

[Event "Late-Titled-Tuesday-Blitz-January-23-2024"]
[Site "Chess.com"]
[Date "2024.01.23"]
[Round "3"]
[White "Dedic8"]
[Black "bazar-wokzal"]
[Result "1-0"]
[WhiteElo "2800"]
[BlackElo "2575"]
[TimeControl "180+1"]
[EndTime "14:28:10 PST"]
[Termination "Dedic8 won by checkmate"]

1. d4 Nf6 2. c4 Nc6 3. Nf3 e6 4. g3 Bb4+ 5. Bd2 a5 6. Bg2 d6 7.
O-O e5 8. dxe5 dxe5 9. Nc3 O-O 10. a3 Bxc3 11. Bxc3 Qe7 12. Qc2 Bg4 13. Rfe1 h6 14.
Nh4 Qe6 15. f3 g5 16. Ng6 Rfe8 17. fxg4 Kg7 18. Bxc6 Qxc6 19. Nxe5 Qc5+ 20. e3 Rxe5 21. Bd4 Qe7 22. Bxe5 Qxe5 23. Qf5 Qxb2 24. Rf1 Ra6 25. a4 Re6 26. Rab1 Qc3 27. Rxb7 Qxc4 28. Qxa5 Qe2 29. Qxc7 Qxe3+ 30. Rf2 Qe1+ 31. Kg2 Qe4+ 32. Rf3 Qe2+ 33. Kh3 Qxf3 34. Qxf7+ Kh8 35. Qg7# 1-0

[Event "Late-Titled-Tuesday-Blitz-January-23-2024"]
[Site "Chess.com"]
[Date "2024.01.23"]
[Round "3"]
[White "szachmistrz2500"]
[Black "ansko1999"]
[Result "1-0"]
[WhiteElo "2503"]
[BlackElo "2699"]
[TimeControl "180+1"]
[EndTime "14:28:10 PST"]
[Termination "szachmistrz2500 won on time"]

1. e4 e5 2. Nf3 Nc6 3. d4 exd4 4. Nxd4 Nf6 5. Nxc6 bxc6 6. Nd2 Bc5 7. Bd3 O-O 8. O-O Re8 9. Nb3 Bb6 10. Re1 d6 11.
h3 h6 12. c4 a5 13. a4 Nd7 14. Be3 Bxe3 15. Rxe3 c5 16. Qd2 c6 17. Rg3 Kh8 18. f4 Qh4 19. Rg4 Qd8 20. Re1 Nf6 21. Rg3 Qc7 22. Qc3 Nh5 23. Rf3 Nf6 24. e5 Ng8 25. Rg3 dxe5 26. fxe5 Be6 27. Nxc5 Qb6 28. Qd4 Rad8 29. Qf2 Ne7 30. Rxg7 Kxg7 31. Nxe6+ fxe6 32. Qxb6 Rxd3 33. Qc7 Kg8 34. Rf1 Nf5 35. Qxc6 Re7 36. Qc5 Rg7 37. Qc8+ 1-0

[Event "Late-Titled-Tuesday-Blitz-January-23-2024"]
[Site "Chess.com"]
[Date "2024.01.23"]
[Round "3"]
[White "chessflav"]
[Black "xakevicius91"]
[Result "1/2-1/2"]
[WhiteElo "2320"]
[BlackElo "2549"]
[TimeControl "180+1"]
[EndTime "14:28:10 PST"]
[Termination "Game drawn by repetition"]

1. e4 c5 2. Nc3 e6 3. g3 a6 4.
Bg2 b5 5. d3 Bb7 6. f4 d5 7.
Qe2 b4 8. Nb1 Nf6 9. Nd2 Be7 10.
Ngf3 Nc6 11. O-O Qb6 12. Kh1 a5 13. h3 Rd8 14. e5 Nd7 15. g4 g6 16. Re1 h5 17. Nh2 Nd4 18. Qd1 Rc8 19. c3 Nb5 20. c4 Nd4 21. Ndf3 hxg4 22. hxg4 Nxf3 23. Bxf3 dxc4 24. dxc4 Bh4 25. Rg1 Rd8 26. Qe2 Nb8 27.
Kg2 Be7 28. Be3 Nc6 29. Rh1 Kd7 30. Nf1 Kc7 31. Ng3 Bh4 32. Ne4 Be7 33. Rxh8 Rxh8 34. g5 a4 35. Rd1 Rd8 36. Rxd8 Kxd8 37. Qd1+ Nd4 38. Bxd4 cxd4 39. Qxa4 Bc6 40. Qd1 Bc5 41. Qd3 Bxe4 42. Qxe4 Qc7 43. Kf1 Qd7 44. Ke2 Qa4 45. Qa8+ Qxa8 46. Bxa8 Kd7 47. Kd3 Kc7 48. Be4 Kb6 49.
Bf3 Kc7 50. Be4 Kb6 51. Bf3 Kc7 52. Be4 1/2-1/2

[Event "Late-Titled-Tuesday-Blitz-January-23-2024"]
[Site "Chess.com"]
[Date "2024.01.23"]
[Round "3"]
[White "ItalianMachine"]
[Black "NtcPou"]
[Result "1-0"]
[WhiteElo "2368"]
[BlackElo "2010"]
[TimeControl "180+1"]
[EndTime "14:28:10 PST"]
[Termination "ItalianMachine won on time"]

1. e4 c6 2. d4 d5 3. Nc3 dxe4 4. Nxe4 Bf5 5. Ng3 Bg6 6. Nf3 Nd7 7. h4 h6 8. h5 Bh7 9. Bd3 Bxd3 10. Qxd3 e6 11. Bd2 Ngf6 12. O-O-O Be7 13. Kb1 O-O 14. Ne4 Nxe4 15.
Qxe4 Nf6 16. Qe2 Qd5 17. g4 Qe4 18. Qxe4 Nxe4 19. Be3 Bf6 20. c3 Rad8 21. Kc2 Be7 22. Ne5 f5 23. Ng6 Rf7 24. Nxe7+ Rxe7 25. f3 Ng5 26.
Bxg5 hxg5 27. Rde1 fxg4 28. fxg4 Rf8 29. Re5 Rf2+ 30.
Kb3 Rg2 31. Rxg5 Rf7 32. h6 b6 33. Rg6 Re7 34. g5 Kf8 35. h7 1-0

[Event "Late-Titled-Tuesday-Blitz-January-23-2024"]
[Site "Chess.com"]
[Date "2024.01.23"]
[Round "3"]
[White "reevecanada"]
[Black "GMJustin"]
[Result "1-0"]
[WhiteElo "2641"]
[BlackElo "2338"]
[TimeControl "180+1"]
[EndTime "14:28:11 PST"]
[Termination "reevecanada won on time"]

1. e4 c5 2. Nf3 e6 3. b3 Nc6 4. Bb2 d5 5. exd5 exd5 6. Bb5 Nf6 7. O-O Be7 8. d4 O-O 9. Re1 Ne4 10. Nbd2 Bf5 11.
Bd3 Nxd2 12. Qxd2 Bxd3 13. Qxd3 Bf6 14. Rad1 Qa5 15. Bc3 Nb4 16. Qd2 Qb5 17. dxc5 Bxc3 18. Qxc3 Nxa2 19. Qb2 Nb4 20. Nd4 Qxc5 21. Nf5 f6 22.
Ne7+ Kh8 23. c3 Nc6 24. Rxd5 Qb6 25. Rd7 Rfe8 26. b4 Rad8 27. Qe2 Rxd7 28. Ng6+ hxg6 29. Qxe8+ Kh7 30. Qxd7 Ne5 31. Qh3+ Kg8 32. Qe3 1-0

[Event "Late-Titled-Tuesday-Blitz-January-23-2024"]
[Site "Chess.com"]
[Date "2024.01.23"]
[Round "3"]
[White "Brown_Mamba24"]
[Black "mbojan"]
[Result "1-0"]
[WhiteElo "2640"]
[BlackElo "2874"]
[TimeControl "180+1"]
[EndTime "14:28:12 PST"]
[Termination "Brown_Mamba24 won by checkmate"]

1. d4 Nf6 2. c4 g6 3. Nc3 Bg7 4. e4 d6 5. Be2 Nbd7 6. Be3 e5 7. d5 Nc5 8. Bf3 a5 9. g4 h5 10. g5 Nh7 11. h4 f6 12. Qd2 fxg5 13. hxg5 O-O 14.
O-O-O Bd7 15. Be2 a4 16. Nf3 Rf4 17. Bxf4 exf4 18. Nd4 Qxg5 19. Rdg1 Qf6 20. e5 dxe5 21. Ndb5 e4 22. Nxc7 Rc8 23. d6 a3 24. N7d5 axb2+ 25. Kb1 Qxd6 26. Rxg6 e3 27. Qc2 Qe5 28. Rhg1 Bf5 29.
Ne7+ Kh8 30. Qxf5 Qxc3 31. Qxc8+ Nf8 32. Rxg7 Ne6 33. Rg8+ Kh7 34. Qxb7 exf2 35. Qe4+ Kh6 36. R1g6+ Nxg6 37. Qxg6# 1-0

[Event "Late-Titled-Tuesday-Blitz-January-23-2024"]
[Site "Chess.com"]
[Date "2024.01.23"]
[Round "3"]
[White "kai_nov"]
[Black "ccccvhhhj"]
[Result "1-0"]
[WhiteElo "2301"]
[BlackElo "2493"]
[TimeControl "180+1"]
[EndTime "14:28:12 PST"]
[Termination "kai_nov won on time"]

1. d4 e5 2. dxe5 d6 3. Nf3 Bg4 4. Bg5 Qd7 5. Nbd2 Nc6 6. c4 dxe5 7. Qb3 f6 8. Be3 O-O-O 9. O-O-O Bf5 10. Nh4 Be6 11.
g3 Na5 12. Qc2 Qc6 13. Bg2 Qe8 14. Kb1 Kb8 15. Qc3 Nc6 16. Nb3 Nh6 17. Bc5 Nf5 18. Nxf5 Bxf5+ 19. Ka1 Bxc5 20. Nxc5 Nd4 21. Rxd4 exd4 22.
Qb4 b6 23. Na6+ Kc8 24. c5 Be4 25. Bxe4 Qxe4 26. Rc1 Qb7 27. Qb5 1-0

[Event "Late-Titled-Tuesday-Blitz-January-23-2024"]
[Site "Chess.com"]
[Date "2024.01.23"]
[Round "3"]
[White "OneTrickPony_82"]
[Black "familijatop71"]
[Result "1-0"]
[WhiteElo "2488"]
[BlackElo "2255"]
[TimeControl "180+1"]
[EndTime "14:28:13 PST"]
[Termination "OneTrickPony_82 won by checkmate"]

1. d4 d5 2. c4 e6 3. Nf3 Nf6 4.
Nc3 Be7 5. g3 O-O 6. Bg2 dxc4 7.
Ne5 c5 8. dxc5 Qc7 9. Nxc4 Rd8 10. Qb3 Bxc5 11. O-O Nc6 12. Bf4 e5 13. Bg5 Nd4 14. Nb5 Nxb5 15. Qxb5 a6 16. Qa5 b6 17. Qc3 Bd4 18. Qc1 Bb7 19. Bxb7 Qxb7 20. Bxf6 gxf6 21.
Qh6 Qe7 22. Ne3 Bxe3 23. fxe3 Rd6 24. Rf5 Qf8 25. Qh4 Qg7 26. Raf1 Rad8 27. Rxf6 Rd1 28.
Rxb6 Rxf1+ 29. Kxf1 Rd1+ 30. Kf2 h6 31. Rb8+ Kh7 32. Qe4+ Qg6 33. Qxe5 Rd2 34. Rh8# 1-0

[Event "Late-Titled-Tuesday-Blitz-January-23-2024"]
[Site "Chess.com"]
[Date "2024.01.23"]
[Round "3"]
[White "FabianoCaruana"]
[Black "GMAkobianSTL"]
[Result "1-0"]
[WhiteElo "3035"]
[BlackElo "2757"]
[TimeControl "180+1"]
[EndTime "14:28:15 PST"]
[Termination "FabianoCaruana won on time"]

1. d4 e6 2. c4 f5 3. Nc3 Bb4 4. Qb3 Bxc3+ 5. Qxc3 Nf6 6. Nf3 b6 7. Bf4 Bb7 8. e3 O-O 9. Be2 d6 10. O-O Ne4 11. Qc2 Nd7 12. Rad1 Qe7 13. h3 g5 14. Bh2 h5 15. d5 e5 16. Nd2 Nxd2 17. Qxd2 Nf6 18. f3 h4 19. e4 Nh5 20. exf5 Bc8 21. Bd3 Bxf5 22. Bxf5 Rxf5 23. Rfe1 Qf6 24. Re4 Nf4 25. b4 Rf8 26. Bxf4 gxf4 27. c5 Kh8 28.
cxd6 cxd6 29. Rc1 Rg8 30. Qe1 Rg7 31. Rc8+ Kh7 32. Rec4 Qh6 33. R4c7 Rg5 34. Qe4+ Qg6 35. Rxg7+ Kxg7 36. Qxg6+ Rxg6 37. Kf2 Rf6 38. b5 Kg6 39. a4 Kf5 40. Rd8 Rg6 41. Rd7 e4 42. fxe4+ Kxe4 43. Rxa7 Kxd5 44. Rf7 Kc5 45. Rxf4 d5 46.
Rxh4 d4 47. Rh8 Re6 48. Rd8 Kc4 49. g4 1-0

[Event "Late-Titled-Tuesday-Blitz-January-23-2024"]
[Site "Chess.com"]
[Date "2024.01.23"]
[Round "3"]
[White "sergoy"]
[Black "AlexPapasimakopoulos"]
[Result "1-0"]
[WhiteElo "3030"]
[BlackElo "2751"]
[TimeControl "180+1"]
[EndTime "14:28:15 PST"]
[Termination "sergoy won by resignation"]

1. d4 d5 2. c4 e6 3. Nf3 a6 4. cxd5 exd5 5. Nc3 c6 6. Bf4 Bd6 7. e3 Bxf4 8. exf4 Bg4 9. h3 Bxf3 10. Qxf3 Nf6 11. Bd3 Qe7+ 12. Qe3 Qxe3+ 13. fxe3 Nbd7 14. g4 O-O 15. g5 Ne8 16. Kf2 Nd6 17. Kf3 Rae8 18.
Rae1 f5 19. h4 Re7 20. h5 Rfe8 21. b3 Kf8 22. Kf2 Rc8 23. Ne2 Ne4+ 24. Bxe4 fxe4 25. Kg3 Rf7 26. Kg4 Ke7 27. f5 h6 28. Nf4 hxg5 29. Kxg5 Rf6 30. Reg1 Kd6 31. Ne6 Rg8 32. Kf4 Rf7 33.
h6 g6 34. Rg5 Rxf5+ 35. Rxf5 gxf5 36. h7 Rh8 37. Kxf5 b6 38. Rh6 Ke7 39. Ng5 c5 40. Re6+ Kf8 41. Rd6 Ke7 42. Rxd5 cxd4 43. Rxd4 Nf8 44.
Rc4 Kd7 45. Rd4+ Kc6 46. Rc4+ Kd7 47. Rd4+ Kc6 48. Rd8 Rxh7 49. Nxh7 Nxh7 50. Rh8 1-0

[Event "Late-Titled-Tuesday-Blitz-January-23-2024"]
[Site "Chess.com"]
[Date "2024.01.23"]
[Round "3"]
[White "zverr1"]
[Black "Felix-Rose"]
[Result "1-0"]
[WhiteElo "2513"]
[BlackElo "2322"]
[TimeControl "180+1"]
[EndTime "14:28:16 PST"]
[Termination "zverr1 won by resignation"]

1. e4 e5 2. Nf3 Nc6 3. Bc4 Nf6 4. Ng5 d5 5. exd5 Na5 6. Bb5+ c6 7. dxc6 bxc6 8. Be2 h6 9. Nh3 Bd6 10. d3 Rb8 11. Nc3 Bc7 12. O-O O-O 13. Kh1 c5 14. Ng1 Bb7 15. Bf3 Nc6 16. Nge2 Nd4 17. Bxb7 Rxb7 18.
Ne4 Nd7 19. c3 Ne6 20. Nd2 Nf6 21. Nc4 Ng4 22. h3 Qh4 23. Kg1 Nf6 24. Ng3 Nd5 25. Qh5 Qxh5 26. Nxh5 g6 27. Ng3 Kg7 28. Re1 f6 29.
Nf1 Rd8 30. Rd1 Ndf4 31. Bxf4 Nxf4 32. Rd2 Rxd3 33. Rxd3 Nxd3 34. Rd1 e4 35. f3 f5 36. fxe4 fxe4 37. Nfd2 Rb8 38. Nxe4 Nf4 39. Rd7+ Kf8 40. Rxc7 Ne2+ 41. Kh2 Nc1 42. Nf6 1-0

[Event "Late-Titled-Tuesday-Blitz-January-23-2024"]
[Site "Chess.com"]
[Date "2024.01.23"]
[Round "3"]
[White "NovakRatko"]
[Black "PabloZarnicki"]
[Result "0-1"]
[WhiteElo "2353"]
[BlackElo "2582"]
[TimeControl "180+1"]
[EndTime "14:28:17 PST"]
[Termination "PabloZarnicki won on time"]

1. d4 Nf6 2. c4 g6 3. Nc3 Bg7 4. e4 d6 5. f3 O-O 6. Be3 b6 7. Nge2 c5 8. g4 Nc6 9. h4 Bxg4 10. fxg4 Nxg4 11. Bg1 cxd4 12. Nxd4 Nce5 13. Be2 h5 14. Qd2 Rc8 15. b3 a6 16. Rd1 b5 17. cxb5 Bh6 18. Qb2 axb5 19. Ncxb5 Bg7 20. a4 Qa5+ 21. Qd2 Qa8 22.
Bxg4 Nxg4 23. Qe2 Be5 24. Rh3 f5 25. exf5 gxf5 26. Nf3 Bf6 27. Qe6+ Kh8 28. Bd4 Qe4+ 29. Qxe4 fxe4 30. Bxf6+ Rxf6 31. Ng5 Nf2 32. Re3 Nxd1 33. Kxd1 d5 34. Kd2 Rf2+ 35. Re2 Rf1 36. Ke3 e5 37. Nf7+ Rxf7 38. Re1 Rf4 39. Rd1 d4+ 40. Ke2 Rc2+ 41. Ke1 Rxh4 0-1

[Event "Late-Titled-Tuesday-Blitz-January-23-2024"]
[Site "Chess.com"]
[Date "2024.01.23"]
[Round "3"]
[White "BozeKat"]
[Black "rikchessmx"]
[Result "0-1"]
[WhiteElo "2013"]
[BlackElo "2380"]
[TimeControl "180+1"]
[EndTime "14:28:19 PST"]
[Termination "rikchessmx won on time"]

1. c4 d5 2. d4 e6 3. Nf3 Nf6 4. e3 c6 5. Nbd2 Nbd7 6. Bd3 Bd6 7. O-O Qe7 8. e4 dxc4 9. Nxc4 e5 10. Nxd6+ Qxd6 11.
Re1 O-O 12. Bg5 Re8 13. Bh4 exd4 14. Bg3 Qb4 15. Qc2 Nf8 16. a3 Qb6 17. Bd6 Bg4 18. Bc5 Qa5 19. b4 Qc7 20. Nxd4 Ng6 21. Nf5 Rad8 22.
Ne3 Nf4 23. Bf1 Nxe4 24. Nxg4 Nxc5 25. bxc5 Nd5 26. Bc4 Qf4 27. Rxe8+ Rxe8 28. Bxd5 Qxg4 29. Bf3 Qd4 30. Rd1 Qe5 31. Qe2 Qb8 32. Qd3 Qe5 33.
g3 g6 34. Qd7 Re7 35. Qd6 Kg7 36. Qxe5+ Rxe5 37. Rd7 Rxc5 38. Rxb7 Ra5 39. Rc7 c5 40. a4 Rxa4 41. Rxc5 Ra1+ 42. Kg2 a5 43. Rc7 a4 44. Bd5 Kf6 45. Rxf7+ Ke5 46. Bc4 Kd4 47. Rc7 Rc1 48. Bg8 Rxc7 49. Bxh7 a3 50. Bg8 Rc4 0-1

[Event "Late-Titled-Tuesday-Blitz-January-23-2024"]
[Site "Chess.com"]
[Date "2024.01.23"]
[Round "3"]
[White "sergeikim"]
[Black "Alexei_Gubajdullin"]
[Result "0-1"]
[WhiteElo "2416"]
[BlackElo "2603"]
[TimeControl "180+1"]
[EndTime "14:28:21 PST"]
[Termination "Alexei_Gubajdullin won on time"]

1. d4 d5 2. c4 c6 3. Nf3 Nf6 4.
Qc2 g6 5. e3 Bg7 6. Bd3 O-O 7. Nbd2 c5 8. dxc5 Na6 9. a3 Nxc5 10.
Be2 Bf5 11. Qd1 Nd3+ 12. Kf1 Ng4 13. Bxd3 Bxd3+ 14. Kg1 dxc4 15. Ne1 c3 16. Qxg4 cxb2 17. Bxb2 Bxb2 18. Rd1 Bf5 19. Qe2 Bg7 20. h3 Qa5 21. Nef3 Qxa3 22. Kh2 Qd6+ 23. g3 Qa6 24. Qxa6 bxa6 25.
e4 Bd7 26. e5 Bb5 27. Rhe1 a5 28. Ne4 a4 29. Nc3 Bc6 30. Nd4 Rfc8 31. Nxc6 Rxc6 32.
Nxa4 Rc2 33. Kg2 Rac8 34. Rd7 Ra2 35. Rxa7 Rcc2 36. Ra8+ Bf8 37. Rf1 Re2 38. Nb6 Rxa8 39. Nxa8 Rxe5 40. Nb6 Re2 41. Kf3 Ra2 42. Nd7 Bg7 43.
Rd1 h5 44. h4 Bc3 45. Nc5 e5 46. Rd8+ Kg7 47. Rd7 Kf8 48. Rd8+ Ke7 49. Rd7+ Ke8 50. Rb7 Bd4 51. Ne4 f5 52. Nf6+ Kf8 53. Nh7+ Ke8 54.
Nf6+ Kd8 0-1

[Event "Late-Titled-Tuesday-Blitz-January-23-2024"]
[Site "Chess.com"]
[Date "2024.01.23"]
[Round "3"]
[White "FredddieCroderg"]
[Black "ContrVersia"]
[Result "1-0"]
[WhiteElo "2377"]
[BlackElo "2844"]
[TimeControl "180+1"]
[EndTime "14:28:24 PST"]
[Termination "FredddieCroderg won on time"]

1. d4 Nf6 2. c4 c5 3. d5 e6 4.
Nc3 exd5 5. cxd5 d6 6. e4 g6 7. f3 Bg7 8. Bg5 Nbd7 9. Qd2 O-O 10. Be2 Re8 11. Nh3 Qc7 12. Nf2 a6 13. a4 c4 14. Ra3 b6 15. O-O Rb8 16. Rc1 b5 17. axb5 axb5 18. b4 h5 19. Be3 Ne5 20. Ra7 Qd8 21.
Rca1 Re7 22. Bd4 h4 23. Nfd1 Rxa7 24. Rxa7 Nh5 25. f4 Nd3 26. Bxg7 Kxg7 27. Bxd3 Qb6+ 28. Qf2 cxd3 29. Qxb6 Rxb6 30. e5 dxe5 31. fxe5 Rb7 32. Ra5 Bd7 33. Nf2 Nf4 34. Kf1 Bf5 35. Rxb5 Ra7 36.
Ra5 Rc7 37. Rc5 Ra7 38. Ra5 Rc7 39. Rc5 Rb7 40. b5 Ra7 41. Nfd1 1-0

[Event "Late-Titled-Tuesday-Blitz-January-23-2024"]
[Site "Chess.com"]
[Date "2024.01.23"]
[Round "3"]
[White "ErikRonka"]
[Black "Nor1lsk"]
[Result "0-1"]
[WhiteElo "2484"]
[BlackElo "2702"]
[TimeControl "180+1"]
[EndTime "14:28:24 PST"]
[Termination "Nor1lsk won on time"]

1. e4 c5 2. a3 g6 3. b4 Bg7 4. Nc3 d6 5. Rb1 Nf6 6. Nge2 O-O 7. g3 Nc6 8. Bg2 Rb8 9. O-O b6 10. d3 Bd7 11. h3 Qc8 12. Kh2 Nd4 13. Be3 Ne8 14.
Nd5 Qd8 15. Bg5 f6 16. Be3 e6 17. Ndc3 f5 18. f4 Nc7 19. Qd2 Qe7 20. Ng1 Rfc8 21.
Rbe1 Qf7 22. Nd1 Ba4 23. c3 Nc2 24. Re2 Nxe3 25. Rxe3 Bxd1 26. Rxd1 Nb5 27. e5 dxe5 28. fxe5 Bh6 29. bxc5 bxc5 30. Ne2 Nxa3 31. Nf4 Bxf4 32.
gxf4 Nb5 33. d4 cxd4 34. cxd4 Nc7 35. d5 Nxd5 36. Bxd5 Rd8 37. Rd3 exd5 38. Rxd5 Rxd5 39. Qxd5 Rb2+ 40. Kg3 Rb3+ 41. Kh4 Qxd5 42. Rxd5 h6 43. Rd7 Rf3 44. Rxa7 Rxf4+ 45. Kg3 Re4 46. Ra6 Kf7 47.
Ra7+ Kf8 48. Ra6 Kf7 49. Ra7+ Ke6 50. Ra6+ Kxe5 51. Rxg6 h5 52. Rh6 h4+ 0-1

[Event "Late-Titled-Tuesday-Blitz-January-23-2024"]
[Site "Chess.com"]
[Date "2024.01.23"]
[Round "3"]
[White "pr1105"]
[Black "subham777"]
[Result "1-0"]
[WhiteElo "2311"]
[BlackElo "2540"]
[TimeControl "180+1"]
[EndTime "14:28:24 PST"]
[Termination "pr1105 won on time"]

1. e4 e6 2. d4 d5 3. Nc3 Nf6 4. e5 Nfd7 5. f4 c5 6. Nf3 Nc6 7. Be3 Be7 8. Qd2 a6 9. dxc5 Bxc5 10.
O-O-O Qa5 11. Kb1 b5 12. Bd3 d4 13. Nxd4 Nxd4 14. Be4 b4 15. Bxd4 Bxd4 16. Qxd4 Rb8 17. Bc6 O-O 18. Ne4 Nb6 19. Nd6 Na4 20. Bxa4 Qxa4 21.
Rd3 Bd7 22. h4 Kh8 23. h5 Bc6 24. f5 Bd5 25. b3 Qc6 26. h6 g6 27. Rf1 gxf5 28.
g4 Be4 29. Rd2 Rbc8 30. gxf5 exf5 31. Nxf5 Bxf5 32. Rxf5 Qe6 33. Rf6 Qg4 34. Qxg4 Rg8 35. Qd1 1-0

[Event "Late-Titled-Tuesday-Blitz-January-23-2024"]
[Site "Chess.com"]
[Date "2024.01.23"]
[Round "3"]
[White "emeli_chess"]
[Black "Megagigahiper3345"]
[Result "0-1"]
[WhiteElo "2459"]
[BlackElo "2668"]
[TimeControl "180+1"]
[EndTime "14:28:25 PST"]
[Termination "Megagigahiper3345 won by resignation"]

1. d4 Nf6 2. c4 g6 3. Nc3 d5 4.
Nf3 Bg7 5. e3 O-O 6. Be2 c6 7.
O-O a6 8. c5 Bf5 9. Ne5 Ne8 10.
f4 f6 11. Nf3 Nd7 12. Bd2 Nc7 13. Be1 Kh8 14. Bh4 Qe8 15. b4 e5 16. Qd2 Ne6 17. a4 exf4 18. exf4 Be4 19. Ra2 Bxf3 20. Bxf3 f5 21.
Bf2 Nf6 22. Re1 Ne4 23. Bxe4 fxe4 24. Be3 Qf7 25. Rf1 h5 26. b5 axb5 27. axb5 Rxa2 28.
Nxa2 Qf6 29. bxc6 bxc6 30. Nb4 Nxd4 31. Nxc6 Nxc6 32. Qxd5 Re8 33. h3 Nd4 34. Bxd4 Qxd4+ 35. Qxd4 Bxd4+ 36. Kh1 Bxc5 37. f5 gxf5 38. Rxf5 e3 39. Rxh5+ Kg7 40. Rxc5 e2 41. Rc1 Rd8 42. Re1 Rd1 43.
Kg1 Rxe1+ 44. Kf2 Rg1 0-1